 Seeded DCSS version 0.30-a0-696-g2367cd04db (webtiles) character file.

Game seed: 5430720872467839093 (custom seed)

349 valliere the Insei (level 6, -1/39 HPs)
             Began as an Octopode Transmuter on Jan 20, 2023.
             Slain by an orc wizard
             ... wielding a +0 dagger
              (4 damage)
             ... on level 4 of the Dungeon.
             The game lasted 00:09:29 (2807 turns).

valliere the Insei (Octopode Transmuter)            Turns: 2807, Time: 00:09:29

Health: -1/39      AC:  7    Str: 20    XL:     6   Next: 60%
Magic:  10/10      EV: 13    Int: 14    God:
Gold:   810        SH:  6    Dex: 11    Spells: 9/10 levels left

rFire   + + +      SeeInvis .      - Unarmed
rCold   + + .      Faith    .    n - +3 buckler {rC+}
rNeg    . . .      Spirit   .    k - +2 hat
rPois   .          Reflect  .    (no amulet)
rElec   .          Harm     .    i - +6 ring of strength
rCorr   .          Rampage  .    m - ring of Batol {rF+++ AC+4}
Will    .....                    l - ring of protection from cold
Stlth   ++++                     (no ring)
HPRegen 0.26/turn                (no ring)
MPRegen 0.12/turn                (no ring)
                                 (no ring)
                                 (no ring)

@: no status effects
A: almost no armour, amphibious, 8 rings, camouflage 2, gelatinous body 1,
(nimble swimmer 1), tentacles, dopey 1, strong 1
a: no special abilities


You were on level 4 of the Dungeon.
You visited 1 branch of the dungeon, and saw 4 of its levels.

You collected 1132 gold pieces.
You spent 322 gold pieces at shops.

Inventory:

Missiles
 u - a throwing net
Armour
 k - a +2 hat (worn)
 n - a +3 buckler of cold resistance (worn)
Jewellery
 i - a +6 ring of strength (left tentacle)
 l - a ring of protection from cold (on tentacle)
 m - the ring of Batol (right tentacle) {rF+++ AC+4}
   (You acquired it on level 2 of the Dungeon)

   [ring of protection]

   AC:        It affects your AC (+4).
   rF:        It renders you almost immune to fire.
Wands
 x - a wand of mindburst (13)
 y - a wand of roots (5)
Scrolls
 b - a scroll of torment {unknown}
 c - 3 scrolls of amnesia
 g - 2 scrolls of noise
 h - 2 scrolls of teleportation {unknown}
 j - a scroll of brand weapon {unknown}
 o - a scroll of fog {unknown}
 p - a scroll of immolation {unknown}
 q - 2 scrolls of enchant armour
 r - a scroll of fear
 s - a scroll of blinking
 t - a scroll of poison {unknown}
 v - 2 scrolls of identify
 w - a scroll of silence {unknown}
Potions
 a - 3 potions of lignification
 d - a potion of degeneration {unknown}
 e - 2 potions of attraction {unknown}
 f - 2 potions of curing
 z - a potion of ambrosia {unknown}
 A - 2 potions of berserk rage {unknown}


   Skills:
 + Level 2.2 Fighting
 + Level 2.8 Dodging
 + Level 2.9 Stealth
 + Level 0.6 Shields
 * Level 4.5 Unarmed Combat
 + Level 2.8 Spellcasting
 * Level 3.6 Transmutations


You had 9 spell levels left.
You knew the following spells:

 Your Spells              Type           Power      Damage    Failure   Level
a - Beastly Appendage     Tmut           24%        N/A       7%          1

Your spell library contained the following spells:

 Spells                   Type           Power      Damage    Failure   Level
 Wereblood                Tmut           12%        N/A       10%         2
 Spider Form              Tmut/Pois      7%         N/A       38%         3
 Ice Form                 Ice/Tmut       7%         N/A       80%         4


Dungeon Overview and Level Annotations

Branches:
Dungeon (4/15)
 Temple: D:4-7

Altars:
Okawaru

Shops:
D:2 ?


Innate Abilities, Weirdness & Mutations

You cannot wear most types of armour.
You are amphibious.
You can wear up to eight rings at the same time.
Your skin blends seamlessly with your surroundings (Stealth++).
Your rubbery body absorbs attacks. (AC +1, EV +1)
((You are camouflaged when in or above water. (Stealth+)))
You have tentacles for arms and can constrict up to eight enemies at once.
You are dopey. (Int -2)
Your muscles are strong. (Str +4, Int/Dex -1)


Message History

The orc wizard gestures at you while chanting.
You are more confused.
The orc priest barely misses you. The orc wizard closely misses you.
You closely miss the orc wizard.
The orc wizard is almost dead.
The orc priest hits you with a +0 whip.
The orc wizard hits you with a +0 dagger.
* * * LOW HITPOINT WARNING * * *
The orc wizard attacks as you move away!
The orc wizard hits you with a +0 dagger.
* * * LOW HITPOINT WARNING * * *
The orc priest hits you with a +0 whip.
* * * LOW HITPOINT WARNING * * *
You bump into the rock wall.
The orc priest hits you but does no damage.
The orc wizard hits you with a +0 dagger.
* * * LOW HITPOINT WARNING * * *
You bump into the rock wall.
The orc priest barely misses you.
The orc wizard points at you and mumbles some strange words.
The puff of flame misses you.
You bump into the rock wall.
The orc priest closely misses you.
The orc wizard casts a spell.
The orc wizard flickers and vanishes!
Deactivating autopickup; reactivate with Ctrl-A.
You barely miss the orc priest. Your squeeze misses the orc priest.
The orc priest is lightly wounded.
The orc priest hits you with a +0 whip.
* * * LOW HITPOINT WARNING * * *
Something hits you but does no damage.
You feel better. The orc priest hits you with a +0 whip.
* * * LOW HITPOINT WARNING * * *
You hear some strange, mumbled words.
Something tries to affect you, but you resist.
You barely miss the orc priest. You grab the orc priest.
The orc priest is lightly wounded.
You constrict the orc priest, but do no damage.
The orc priest hits you with a +0 whip.
* * * LOW HITPOINT WARNING * * *
Something hits you.
You die...

.### ...# ...#
#..### #......< .#
# #......#####.# #
#)#.#........# #
#)#.#......... #
####'#@#.........
#
#....o{#.........
#
#......#.†.......
#
#......#.........
.
#......##...#####
.
#......#....#####
.
##...............
#
#####.##.#########
#.#..........#


You could see an orc priest.

Vanquished Creatures
  A necrophage (D:2)
  An orc priest (D:2)
  An iguana (D:4)
  2 orc wizards
  9 gnolls
  2 adders
  2 worms (D:4)
  5 orcs
  3 bats
  6 endoplasms
  3 giant cockroaches
  4 goblins
  5 hobgoblins
  7 jackals
  6 kobolds
  5 quokkas
  7 ball pythons
  2 frilled lizards
  3 rats
74 creatures vanquished.

Notes
Turn   | Place    | Note
-------+----------+-------------------------------------------
     0 | D:1      | valliere the Octopode Transmuter began the quest for the
                  | Orb.
     0 | D:1      | Reached XP level 1. HP: 13/13 MP: 3/3
    72 | D:1      | Gained mutation: Your skin blends seamlessly with your
                  | surroundings (Stealth++). [potion of mutation]
    72 | D:1      | Gained mutation: Your muscles are strong. (Str +4, Int/Dex
                  | -1) [potion of mutation]
    72 | D:1      | Gained mutation: You are dopey. (Int -2) [potion of
                  | mutation]
    92 | D:1      | Reached XP level 2. HP: 16/18 MP: 3/5
   604 | D:1      | Reached skill level 1 in Stealth
   868 | D:1      | Reached XP level 3. HP: 23/23 MP: 6/6
  1130 | D:2      | Identified 3 scrolls of acquirement
  1130 | D:2      | Acquired the ring of Batol {rF+++ AC+4}
  1134 | D:2      | Acquired a +2 buckler of cold resistance
  1141 | D:2      | Acquired a +2 hat
  1208 | D:2      | Noticed a necrophage
  1214 | D:2      | Killed a necrophage
  1215 | D:2      | Reached XP level 4. HP: 28/28 MP: 5/7
  1328 | D:2      | Acquired 968 gold pieces
  1380 | D:2      | Reached XP level 5. HP: 20/34 MP: 8/8
  1664 | D:2      | Found Doddoiw's Magic Scroll Shoppe.
  1672 | D:2      | Bought a scroll of identify for 28 gold pieces
  1672 | D:2      | Bought a scroll of enchant armour for 105 gold pieces
  1672 | D:2      | Bought a scroll of identify for 28 gold pieces
  1672 | D:2      | Bought a scroll of fear for 56 gold pieces
  1672 | D:2      | Bought a scroll of blinking for 105 gold pieces
  1751 | D:3      | Found a faded altar of an unknown god.
  1982 | D:3      | Reached skill level 4 in Unarmed Combat
  2050 | D:3      | Found an iron altar of Okawaru.
  2157 | D:3      | Identified the +3 short sword of the Manifold Quests
                  | {flame, rElec Int+5}
  2162 | D:3      | Reached XP level 6. HP: 34/39 MP: 7/9
  2418 | D:3      | Identified the +2 robe of Binutifa {rPois Dex+5}
  2807 | D:4      | Slain by an orc wizard

Illustrated notes

Levels and vault maps discovered:
D:1:      dpeg_arrival_boxes_within_box, layout_basic
D:2:      layout_loops_ring, serial_shops, shop, nicolae_kite_square_tiling_tiny
D:3:      layout_rooms, okawaru_metal_pillars_3, ebering_ecumenical_altar_rust
D:4:      layout_basic, minmay_temple_entry_overgrown, ebering_ghost_sewer_d,
          minmay_manual_monstrance, uniq_blork_the_orc

Skill      XL: |  1  2  3  4  5 |
---------------+----------------+-----
Stealth        | 1 2 |  2.9
Transmutations | 3 |  3.6
Unarmed Combat | 4 |  4.5
Fighting       | 2 |  2.2
Dodging        | |  2.8
Shields        | |  0.6
Spellcasting   | |  2.8

Action                   |  1- 3 |  4- 6 || total
-------------------------+-------+-------++-------
Melee: Unarmed           |    49 |   118 ||   167
       Constrict         |    13 |    30 ||    43
       Kick              |    14 |    18 ||    32
       Tentacles         |     5 |    23 ||    28
       Punch             |     1 |     8 ||     9
 Cast: Beastly Appendage |    17 |     8 ||    25
  Use: Potion            |     1 |     1 ||     2
       Scroll            |     3 |     5 ||     8
 Stab: Sleeping          |     9 |    10 ||    19
Armor: Skin              |     2 |    37 ||    39
Dodge: Dodged            |    26 |    60 ||    86
Block: Buckler           |       |    26 ||    26

Table legend: (Time is in decaauts)
 A = Elapsed time spent in this place.
 B = Non-inter-level travel time spent in this place.
 C = Inter-level travel time spent in this place.
 D = Time resting spent in this place.
 E = Time spent auto-exploring this place.
 F = Levels seen in this place.
 G = Mean time per level.
                   A        B        C        D        E       F      G
               +--------+--------+--------+--------+--------+-----+--------+
         Total |   2799 |   2649 |    150 |      0 |   2106 |   4 |  699.8 |
       Dungeon |   2799 |   2649 |    150 |      0 |   2106 |   4 |  699.8 |
               +--------+--------+--------+--------+--------+-----+--------+

Top non-repeatable levels by time:
     D:1: 975 daAuts
     D:2: 756 daAuts
     D:3: 722 daAuts
     D:4: 345 daAuts
